 Dungeon Crawl Stone Soup version 0.18-a0-912-g81d1dc4 (webtiles) character file.

120 Duffy the Ruffian (level 4, -8/35 HPs)
             Began as a Mummy Monk on Dec 25, 2015.
             Killed by divine providence
             ... invoked by an orc priest
              (13 damage)
             ... on level 3 of the Dungeon.
             The game lasted 00:03:25 (3056 turns).

Duffy the Ruffian (Mummy Monk)                      Turns: 3056, Time: 00:03:26

Health: -8/35      AC:  8    Str: 15    XL:     4   Next: 75%
Magic:  4/4        EV: 13    Int:  9    God:
Gold:   162        SH:  0    Dex: 14    Spells: 0 memorised, 3 levels left

rFire  x . .     SeeInvis .       - Unarmed
rCold  + . .     Gourm    .     f - +0 ring mail (curse)
rNeg   + + +     Faith    .     (no shield)
rPois  ∞         Spirit   .     j - +0 helmet (curse)
rElec  .         Dismiss  .     l - +0 cloak (curse)
rCorr  .         Reflect  .     k - +0 pair of gloves
SustAt .         Harm     .     (no boots)
MR     .....                    (no amulet)
Stlth  +.........               (no ring)
                                d - +2 ring of evasion

@: not resistant to hostile enchantments, very unstealthy
A: no food or potions, fire vulnerability, cold resistance 1, negative energy
resistance 3, torment resistance, unbreathing
a: no special abilities


You were on level 3 of the Dungeon.
You were not hungry.

You visited 1 branch of the dungeon, and saw 3 of its levels.

You collected 162 gold pieces.


Innate Abilities, Weirdness & Mutations

You do not eat or drink.
Your flesh is vulnerable to fire.
You are immune to poison.
Your flesh is cold resistant.
You are immune to negative energy.
You are immune to unholy pain and torment.
You can survive without breathing.


   Skills:
 - Level 3.0 Fighting
 - Level 2.4 Dodging
 - Level 1.5 Stealth
 + Level 5.1 Unarmed Combat


You had 3 spell levels left.
You didn't know any spells.

Inventory:

Missiles
 a - 8 tomahawks (quivered)
 c - 10 poisoned needles
 e - 6 curare-tipped needles
Armour
 f - a cursed +0 ring mail (worn)
 j - a cursed +0 helmet (worn)
 k - a +0 pair of gloves (worn)
 l - a cursed +0 cloak (worn)
Jewellery
 d - a +2 ring of evasion (left hand)
Scrolls
 b - 3 scrolls of remove curse
 g - 3 scrolls of magic mapping
 h - a scroll of enchant weapon
 i - a scroll of enchant armour {unknown}

Dungeon Overview and Level Annotations

Branches:
Dungeon (3/15)

Altars:
The Shining One

Annotations:
D:2 Grinder


Message History

The orc hits you but does no damage.
The orc priest hits you with a mace of protection.
The orc completely misses you. The orc hits you but does no damage.
The orc hits you but does no damage.
Your ring mail prevents you from hitting the orc priest.
The orc priest is almost dead.
The orc barely misses you. The orc priest misses you.
The orc hits you but does no damage.
You hit the orc priest but do no damage.
The orc priest is almost dead.
The orc barely misses you. x2
The orc closely misses you.
The orc priest hits you but does no damage.
The orc barely misses you.
You closely miss the orc priest.
The orc priest is almost dead.
The orc barely misses you. The orc misses you. The orc completely misses you.
The orc closely misses you.
You hit the orc priest but do no damage.
The orc priest is almost dead.
The orc priest hits you with a mace of protection.
The orc hits you with a dagger. The orc hits you but does no damage.
You barely miss the orc priest.
The orc priest is almost dead.
The orc hits you but does no damage. x2
The orc hits you with a flail. The orc priest barely misses you.
The orc hits you but does no damage.
You hit the orc priest.
You punch the orc priest, but do no damage.
The orc priest is almost dead.
The orc barely misses you. The orc hits you with a dagger.
The orc hits you but does no damage.
The orc priest invokes the aid of Beogh against you.
Something smites you!
You die...

#.# #<# #...# #### ##### #.# ##.#
#.).# #..# #.... ##.###..#
##...####.######.###
.......#######8....# #.........#
##.###..##...#.....###.######..##
##.# ##.##._.......##..# #.)..
##.#######...#.....##########.###
##......######8...###............
######### ##o@o.##########.###
######### #ooo.# #.# ........#
##..## #.# ######### #..# #.#
.!.# #.# #..## #.# ...#
#########.## ....# #..........##
...## #..#######...


You could see an orc priest and 4 orcs.

Action                   |  1- 3 |  4- 6 || total
-------------------------+-------+-------++-------
Melee: Unarmed           |   146 |   127 ||   273
  Use: Scroll            |       |     4 ||     4
 Stab: Sleeping          |     3 |       ||     3

Notes
Turn   | Place    | Note
--------------------------------------------------------------
     0 | D:1      | Duffy the Mummy Monk began the quest for the Orb.
     0 | D:1      | Reached XP level 1. HP: 18/18 MP: 1/1
   542 | D:1      | Reached XP level 2. HP: 24/24 MP: 2/2
  1054 | D:2      | Reached skill level 4 in Unarmed Combat
  1054 | D:2      | Reached XP level 3. HP: 25/29 MP: 3/3
  1927 | D:2      | Reached XP level 4. HP: 35/35 MP: 4/4
  2195 | D:3      | Noticed Grinder
  2200 | D:3      | Paralysed by Grinder for 2 turns
  2477 | D:3      | Found a glowing golden altar of the Shining One.
  2526 | D:3      | Reached skill level 5 in Unarmed Combat
  2795 | D:3      | Found a faded altar to an unknown god.
  3056 | D:3      | Killed from afar by an orc priest

Vault maps used:
D:1:      dpeg_arrival_lava_altar, serial_bayou_pond_e
D:2:      serial_glass, glass_columns_a, glass_columns_a, due_unseen_surprise,
          kennysheep_generic_room_14
D:3:      lightli_temple_of_fire, ecumenical_altar_2,
          nicolae_tso_carved_into_rock, uniq_grinder

Vanquished Creatures
  5 adders
  An ooze
  4 orcs
  2 ball pythons
  5 giant cockroaches
  10 goblins
  6 hobgoblins
  6 jackals
  6 kobolds
  9 bats
  5 giant newts
  9 rats
68 creatures vanquished.
